 Dungeon Crawl Stone Soup version 0.29.1-1-gd02db6906a (webtiles) character file.

Game seed: 2447471302526696398

290 sankara the Chopper (level 6, 0/56 HPs)
             Began as a Hill Orc Fighter on Oct 14, 2022.
             Slain by a gnoll
             ... wielding a +0 club
             ... led by a gnoll bouda
              (6 damage)
             ... on level 4 of the Dungeon.
             The game lasted 00:04:49 (3281 turns).

sankara the Chopper (Hill Orc Fighter)              Turns: 3281, Time: 00:04:50

Health: 0/56       AC: 13    Str: 19    XL:     6   Next: 32%
Magic:  6/6        EV:  5    Int:  8    God:
Gold:   162        SH:  5    Dex: 12    Spells: 5/5 levels left

rFire   . . .      SeeInvis .   a - +0 war axe
rCold   . . .      Faith    .   c - +0 buckler
rNeg    . . .      Spirit   .   f - +0 plate armour
rPois   .          Reflect  .   (no helmet)
rElec   .          Harm     .   m - +0 cloak
rCorr   .          Rampage  .   (no gloves)
Will    .....                   (no boots)
Stlth   ..........              (no amulet)
HPRegen 0.18/turn               (no ring)
MPRegen 0.10/turn               (no ring)

@: no status effects
A: no striking features
a: no special abilities


You were on level 4 of the Dungeon.
You visited 1 branch of the dungeon, and saw 4 of its levels.

You collected 162 gold pieces.

Inventory:

Hand Weapons
 a - a +0 war axe (weapon)
Missiles
 e - 59 stones (quivered)
Armour
 c - a +0 buckler (worn)
 f - a +0 plate armour (worn)
 m - a +0 cloak (worn)
Jewellery
 k - a ring of willpower
Wands
 r - a wand of roots (9)
Scrolls
 i - a scroll of immolation {unknown}
 j - 4 scrolls of identify {unknown}
 l - 2 scrolls of vulnerability {unknown}
 p - a scroll of amnesia {unknown}
 u - 2 scrolls of magic mapping {unknown}
 v - a scroll of teleportation {unknown}
 x - a scroll of blinking {unknown}
Potions
 b - 3 potions of curing {unknown}
 d - 3 potions of might
 g - 2 potions of magic {unknown}
 h - 2 potions of flight {unknown}
 n - a potion of degeneration {unknown}
 o - a potion of brilliance {unknown}
 q - 2 potions of heal wounds {unknown}
 s - a potion of haste {unknown}
 t - a potion of ambrosia {unknown}
 w - a potion of attraction {unknown}


   Skills:
 + Level 5.0 Fighting
 * Level 6.0 Axes
 + Level 4.5 Armour
 - Level 4.0 Shields


You had 5 spell levels left.
You didn't know any spells.
Your spell library contained the following spells:

 Spells                   Type           Power      Damage    Failure   Level
 Necrotise                Necr           0%         1d4       100%        1
 Slow                     Hex            0%         N/A       100%        1
 Blink                    Tloc           0%         N/A       100%        2
 Static Discharge         Conj/Air       0%         3-3/arc   100%        2
 Confusing Touch          Hex            0%         N/A       100%        3
 Frozen Ramparts          Ice            0%         1d1       100%        3
 Lesser Beckoning         Tloc           0%         N/A       100%        3
 Portal Projectile        Hex/Tloc       0%         N/A       100%        3
 Tukima's Dance           Hex            0%         N/A       100%        3
 Vampiric Draining        Necr           0%         2d6       100%        3
 Ice Form                 Ice/Tmut       0%         N/A       100%        4
 Summon Ice Beast         Ice/Summ       0%         N/A       100%        4
 Agony                    Necr           0%         N/A       100%        5
 Blade Hands              Tmut           0%         N/A       100%        5
 Lightning Bolt           Conj/Air       0%         1d11      100%        5
 Manifold Assault         Tloc           0%         N/A       100%        5
 Maxwell's Capacitive Co  Air            0%         ∞         100%        8


Dungeon Overview and Level Annotations

Branches:
Dungeon (4/15)
 Temple: D:4-7

Altars:

Shops:
D:4 *


Message History

You slash the gnoll! The gnoll hits you but does no damage.
The gnoll hits you from afar with a +0 spear.
The gnoll bouda hits you but does no damage.
The gnoll hits you with a +0 club.
You slash the gnoll bouda!
The gnoll bouda is heavily wounded.
You hit the gnoll but do no damage. The gnoll hits you but does no damage.
The gnoll bouda barely misses you. The gnoll hits you with a +0 club.
The gnoll hits you but does no damage.
Unknown command.
You barely miss the gnoll bouda.
The gnoll bouda is heavily wounded.
You barely miss the gnoll.
The gnoll bouda hits you with a +0 club!
* * * LOW HITPOINT WARNING * * *
The gnoll hits you but does no damage. x2
Unknown command.
You closely miss the gnoll bouda.
The gnoll bouda is heavily wounded.
You closely miss the gnoll.
The gnoll is no longer moving quickly.
The gnoll bouda completely misses you. The gnoll completely misses you.
The gnoll hits you from afar with a +0 spear.
* * * LOW HITPOINT WARNING * * *
Unknown command.
You slash the gnoll bouda!
You kill the gnoll bouda!
You barely miss the gnoll.
The gnoll hits you but does no damage. x2
Your Fighting skill increases to level 5!
Your Axes skill increases to level 6!
Unknown command.
The gnoll hits you but does no damage.
You see here a +0 halberd.
The gnoll attacks as you move away! The gnoll barely misses you.
The gnoll is no longer moving quickly.
The gnoll attacks as you move away! You block the gnoll's attack.
The gnoll attacks as you move away! The gnoll hits you but does no damage.
The gnoll attacks as you move away! The gnoll hits you with a +0 club.
* * * LOW HITPOINT WARNING * * *
The gnoll attacks as you move away! The gnoll hits you with a +0 club.
You die...

##.............#≈♣
#..........#..'..
##........#####≈♣
#####.......######≈≈
##.†#...>.........###
##........##..........
#...##................
####.........#..........
##.###gg@.######.###..... ##
#...#.###...# ####.... ..
#......#........ #.).... #.
##........#..... ##..... #.
##............. #.....
#.###......#....... .......
#.>.)......#................
#.)........#########........
#..........# ##.......


You could see 2 gnolls.

Vanquished Creatures
  A scorpion (D:4)
  A gnoll bouda (D:4)
  Jessica (D:3)
  2 orc wizards
  A gnoll (D:4)
  2 adders
  3 worms
  4 dart slugs
  3 orcs
  4 ball pythons
  7 bats
  8 endoplasms
  A giant cockroach (D:1)
  9 goblins
  9 hobgoblins
  6 jackals (D:1)
  A quokka (D:2)
  6 frilled lizards
  5 kobolds
  3 rats
77 creatures vanquished.

Notes
Turn   | Place    | Note
-------+----------+-------------------------------------------
     0 | D:1      | sankara the Hill Orc Fighter began the quest for the Orb.
     0 | D:1      | Reached XP level 1. HP: 19/19 MP: 1/1
    86 | D:1      | Reached skill level 3 in Axes
   165 | D:1      | Reached XP level 2. HP: 24/27 MP: 2/2
   446 | D:1      | Reached XP level 3. HP: 13/33 MP: 3/3
  1084 | D:2      | Found a faded altar of an unknown god.
  1190 | D:2      | Reached skill level 4 in Axes
  1349 | D:2      | Reached XP level 4. HP: 40/40 MP: 4/4
  2210 | D:3      | Noticed Jessica
  2215 | D:3      | Killed Jessica
  2276 | D:3      | Reached XP level 5. HP: 47/47 MP: 5/5
  2593 | D:4      | Reached skill level 5 in Axes
  2923 | D:4      | Reached XP level 6. HP: 52/55 MP: 6/6
  3095 | D:4      | Found Daupp's Assorted Antiques.
  3272 | D:4      | Reached skill level 5 in Fighting
  3272 | D:4      | Reached skill level 6 in Axes
  3281 | D:4      | Slain by a gnoll

Illustrated notes

Levels and vault maps discovered:
D:1:      minmay_arrival_doors, layout_loops_ring, kennysheep_decorative_pillar,
          minivault_23
D:2:      layout_loops_ring, hellmonk_ecumenical_altar_prayer_group,
          amethyst_killhole, hangedman_feature_mirror
D:3:      layout_basic, uniq_jessica
D:4:      layout_cave_pools, nicolae_dithmenos_the_darkroom,
          mainiacjoe_overflow_alcove_3, serial_glass, glass_columns_a,
          glass_columns_b, serial_shops, kennysheep_little_box,
          nicolae_zen_rock_garden

Skill      XL: |  1  2  3  4  5  6 |
---------------+-------------------+-----
Axes           | 3 4 5 6 |  6.0
Fighting       | 4 5 |  5.0
Shields        | 4 |  4.0
Armour         | 4 |  4.5

Action                   |  1- 3 |  4- 6 || total
-------------------------+-------+-------++-------
Melee: War axe           |   111 |    89 ||   200
Armor: Scale mail        |    11 |       ||    11
       Plate armour      |    67 |    70 ||   137
Dodge: Dodged            |    33 |    28 ||    61
Block: Buckler           |    25 |    19 ||    44
